 Dungeon Crawl Stone Soup version 0.18-a0-998-gcb3fcb1 (webtiles) character file.

2 Duffy the Chiller (level 1, -2/13 HPs)
             Began as a Demonspawn Ice Elementalist on Jan 5, 2016.
             Slain by a giant frog (4 damage)
             ... on level 4 of the Dungeon.
             The game lasted 00:00:28 (417 turns).

Duffy the Chiller (Demonspawn Ice Elementalist)      Turns: 417, Time: 00:00:28

Health: -2/13      AC:  2    Str:  8    XL:     1   Next: 25%
Magic:  0/3        EV: 12    Int: 16    God:
Gold:   11         SH:  0    Dex: 13    Spells: 1 memorised, 3 levels left

rFire  . . .     SeeInvis .     e - -3 whip (curse)
rCold  . . .     Gourm    .     a - +0 robe
rNeg   . . .     Faith    .     (no shield)
rPois  .         Spirit   .     (no helmet)
rElec  .         Dismiss  .     (no cloak)
rCorr  .         Reflect  .     (no gloves)
SustAt .         Harm     .     (no boots)
MR     .....                    (no amulet)
Stlth  ++........               (no ring)
                                (no ring)

@: not resistant to hostile enchantments, unstealthy
A: no striking features
a: no special abilities


You were on level 4 of the Dungeon.
You were not hungry.

You visited 1 branch of the dungeon, and saw 4 of its levels.

You collected 11 gold pieces.


   Skills:
 - Level 1.7 Dodging
 - Level 1.7 Stealth
 - Level 2.0 Spellcasting
   Level 1.0 Conjurations
 + Level 2.8 Ice Magic


You had 3 spell levels left.
You knew the following spells:

 Your Spells              Type           Power        Failure   Level  Hunger
a - Freeze                Ice            ##..         10%         1    #......

Inventory:

Hand Weapons
 e - a cursed -3 whip (weapon)
Armour
 a - a +0 robe (worn)
Scrolls
 d - a scroll of recharging {unknown}
 f - a scroll of noise {unknown}
Potions
 g - a potion of poison {unknown}
Books
 b - a book of Frost
Comestibles
 c - a bread ration

Dungeon Overview and Level Annotations

Branches:
Dungeon (3/15)

Altars:

Annotations:
D:3 Terence


Message History

The giant frog is moderately wounded.
The giant frog completely misses you.
Cast which spell? (? or * to list)
Aiming: Freeze
Press: ? - help, Shift-Dir - straight line, f/p - giant frog
Aim: a giant frog (moderately wounded, slow)
You freeze the giant frog.
The giant frog seems to slow down.
The giant frog is heavily wounded.
The giant frog hits you.
Cast which spell? (? or * to list)
Aiming: Freeze
Press: ? - help, Shift-Dir - straight line, f/p - giant frog
Aim: a giant frog (heavily wounded, slow)
You freeze the giant frog.
The giant frog is severely wounded.
The giant frog hits you.
Cast which spell? (? or * to list)
You don't have enough magic to cast that spell.
Cast which spell? (? or * to list)
You don't have enough magic to cast that spell.
Cast which spell? (? or * to list)
You don't have enough magic to cast that spell.
You hit the giant frog but do no damage.
The giant frog is severely wounded.
The giant frog barely misses you. The giant frog hits you.
You hit the giant frog.
The giant frog is severely wounded.
The giant frog hits you.
You barely miss the giant frog.
The giant frog is severely wounded.
The giant frog misses you.
You hit the giant frog.
The giant frog is severely wounded.
The giant frog hits you.
You die...

##.##. # ##.#.#. #.
##.###.. #.#### #+##
##.## ##. ....##
#...###.## ## ....#
#.....###.## ##. ##..#
##....... ##.###..
##.####...####.F......
##..#...
.............'@.......
+.......
#........####........
##.#.... #######..#
##....... #.#..#. ##.#
#.....# #.#.##. #.#
#...## #...... ### #.#
#+## ###.### ##.###.#
#.# #.# #......# #.#
#.# ##.##### ##.## #.#


You could see a giant frog.

Action                   || total
-------------------------++-------
Melee: Whip              ||     6
 Cast: Freeze            ||     5

Notes
Turn   | Place    | Note
--------------------------------------------------------------
     0 | D:1      | Duffy the Demonspawn Ice Elementalist began the quest for the Orb.
     0 | D:1      | Reached XP level 1. HP: 13/13 MP: 3/3
   328 | D:3      | Noticed Terence
   333 | D:3      | You fall through a shaft!
   408 | D:4      | Noticed a giant frog
   417 | D:4      | Slain by a giant frog

Vault maps used:
D:1:      dpeg_arrival_snail, kennysheep_nondescript
D:3:      cheibriados_altar_1, grunt_temple_overflow_growth_and_decay,
          overflow_temple_1_default, vehumet_altar_wand_db, uniq_terence,
          uniq_natasha
D:4:      gammafunk_temple_overflow_elements, serial_shops, shop, first_bread,
          corexii_corridor_pit, st_stairs_7, corexii_corridor_pit,
          nicolae_tso_besieged_by_evil, uniq_crazy_yiuf_cottage

Vanquished Creatures
  A goblin
  A rat
2 creatures vanquished.
